 Dungeon Crawl Stone Soup version 0.22.0-38-g04b72b8 (webtiles) character file.

19628 poirepourri the Severer (level 12, -4/123 HPs)
             Began as a Deep Dwarf Fighter on Aug 29, 2018.
             Was an Elder of Makhleb.
             Slain by a ten-headed hydra (9 damage)
             ... on level 3 of the Lair of Beasts.
             The game lasted 00:09:31 (8886 turns).

poirepourri the Severer (Deep Dwarf Fighter)        Turns: 8886, Time: 00:09:32

Health: -4/123     AC: 12    Str: 21    XL:     12   Next: 38%
Magic:  4/4        EV:  8    Int:  9    God:    Makhleb [****..]
Gold:   763        SH: 11    Dex: 16    Spells: 11/11 levels left

rFire    . . .     SeeInvis +   b - +6 eveningstar
rCold    . . .     Gourm    .   c - +0 shield
rNeg     . . .     Faith    .   r - +0 scale mail
rPois    .         Spirit   .   A - +0 helmet
rElec    .         Reflect  .   v - +2 cloak
rCorr    .         Harm     .   i - +0 pair of gloves
MR       +....                  (no boots)
Stlth    ..........             (no amulet)
HPRegen  0.00/turn              u - ring of see invisible
MPRegen  0.09/turn              o - +5 ring of slaying

@: non-regenerating
A: damage resistance, heal wounds, sense surroundings 2, no regeneration
a: Heal Wounds, Minor Destruction, Lesser Servant of Makhleb, Major Destruction,
Renounce Religion


You were on level 3 of the Lair of Beasts.
You worshipped Makhleb.
Makhleb was greatly pleased with you.
You were not hungry.

You visited 3 branches of the dungeon, and saw 14 of its levels.

You collected 763 gold pieces.

Inventory:

Hand Weapons
 a - a +1 war axe
 b - a +6 eveningstar (weapon)
Missiles
 n - 14 javelins (quivered)
 D - 2 throwing nets
Armour
 c - a +0 shield (worn)
 i - a +0 pair of gloves (worn)
 r - a +0 scale mail (worn)
 v - a +2 cloak (worn)
 A - a +0 helmet (worn)
Jewellery
 e - an uncursed ring of positive energy
 g - an uncursed ring of wizardry {unknown}
 k - an uncursed amulet of magic regeneration
 o - a +5 ring of slaying (right hand)
 u - a ring of see invisible (left hand)
 z - a +3 ring of intelligence {unknown}
 G - an uncursed ring of flight {unknown}
Wands
 s - a wand of flame (47)
 w - a wand of clouds (5)
Scrolls
 d - 10 scrolls of remove curse
 t - a scroll of magic mapping
 x - 3 scrolls of teleportation
 y - a scroll of fear
 C - a scroll of fog
 F - a scroll of amnesia
Potions
 h - a potion of lignification
 j - 3 potions of mutation
 l - 3 potions of flight
 m - 4 potions of curing
 p - 3 potions of magic
 q - 2 potions of berserk rage {unknown}
 B - 2 potions of brilliance
Comestibles
 f - 24 rations


   Skills:
 - Level 12.5 Fighting
 - Level 15.0 Axes
 - Level 3.2 Armour
 + Level 7.9 Shields


You had 11 spell levels left.
You didn't know any spells.
Your spell library contained the following spells:

 Spells                   Type           Power        Failure   Level  Hunger
 Beastly Appendage        Tmut           #.....       95%         1    ##.....
 Sticks to Snakes         Tmut           #.......     99%         2    ###....
 Spider Form              Tmut/Pois      #.........   100%        3    ####...
 Ice Form                 Ice/Tmut       #.......     100%        4    #####..
 Blade Hands              Tmut           #.........   100%        5    ######.


Dungeon Overview and Level Annotations

Branches:
Dungeon (10/15)            Temple (1/1) D:5            Lair (3/6) D:8
    Orc (0/2) D:10
  Swamp: Lair:2-4    Shoals: Lair:2-4     Snake: Lair:2-4    Spider: Lair:2-4

Altars:
Ashenzari
Cheibriados
Dithmenos
Elyvilon
Fedhas
Gozag
Hepliaklqana
Kikubaaqudgha
Makhleb
Nemelex Xobeh
Okawaru
Qazlal
Ru
Sif Muna
Trog
Uskayaw
Vehumet
Wu Jian
Xom
Yredelemnul
Zin
The Shining One

Shops:
D:4 =   D:10 (


Innate Abilities, Weirdness & Mutations

You are resistant to damage.
You can heal yourself by infusing magical energy.
You passively map the area around you.
You do not regenerate.


Message History

The ten-headed hydra bites you!
* * * LOW HITPOINT WARNING * * *
The ten-headed hydra bites you but does no damage.
The centaur closely misses you.
The centaur shoots an arrow.
The arrow barely misses you.
You completely miss the ten-headed hydra.
The ten-headed hydra is severely wounded.
You block the centaur's attack.
The centaur shoots an arrow.
The arrow hits you!
* * * LOW HITPOINT WARNING * * *
The ten-headed hydra barely misses you.
You block the ten-headed hydra's attack.
The ten-headed hydra bites you!
* * * LOW HITPOINT WARNING * * *
You block the ten-headed hydra's attack.
The ten-headed hydra bites you.
* * * LOW HITPOINT WARNING * * *
The ten-headed hydra bites you but does no damage.
The ten-headed hydra bites you!
You die...

#...###.#.
#......#####......##
##...#, . * #......#P.
##.....## #..## ,
#........ *#.....++
##...# , , ##.......
.......# #...## ,
*#.......# * ,*# ##..# *
#.......#, , ,, ..
##..##### ###.(...# ,,
,, , ##
#.<..##.###....cD.## , #
#..†...........@..P#..,
,
##.†..........(........,
, ,
##.....................
, , ,
#P.....(....(...c......
,
##....................P
, ,,,
#P.#.###P+.#.......P..P
, ##..##
##.###.......P.., , ,
#.######.##...(......P,
, *
##..##.....#......PP..
,, , ,


You could see a ten-headed hydra and 2 centaurs.

Vanquished Creatures
  Gastronok (Lair:1)
  2 hydras (Lair:1)
  Erica (D:9)
  2 two-headed ogres (D:10)
  Urug (Lair:2)
  3 elephants (Lair:3)
  3 black mambas
  A spiny frog (D:8)
  3 komodo dragons
  A troll (D:10)
  A hornet (D:9)
  3 blink frogs (Lair:3)
  3 hippogriffs
  20 yaks
  A wyvern (Lair:1)
  2 basilisks (Lair:3)
  A human (D:8)
  A hungry ghost (D:9)
  A steam dragon (D:7)
  3 hogs (D:8)
  5 swamp worms (D:8)
  An acid dragon (D:9)
  3 water moccasins
  7 porcupines
  2 necrophages
  A phantom (D:8)
  3 sky beasts
  6 ogres
  A centaur (D:7)
  3 wolves (Lair:3)
  2 crocodiles
  A big kobold (D:10)
  5 bullfrogs
  10 killer bees (D:8)
  3 wights (D:9)
  4 crimson imps
  A bullfrog zombie (D:8)
  4 jellies
  A quasit (D:7)
  A hound (D:5)
  Crazy Yiuf (D:7)
  3 orc priests (D:4)
  A centaur skeleton (D:5)
  5 orc wizards
  2 bullfrog skeletons
  4 iguanas
  8 worker ants
  2 hound zombies
  A hound skeleton (D:9)
  7 gnolls (D:8)
  15 adders
  3 shadow imps
  4 oozes
  2 adder skeletons (D:4)
  An adder zombie (D:8)
  3 worms
  5 dart slugs
  3 leopard geckos
  25 orcs
  3 giant cockroaches
  3 goblins
  9 hobgoblins
  3 jackals (D:9)
  15 kobolds
  7 quokkas
  6 bats
  2 frilled lizards (D:3)
  2 quokka zombies (D:7)
  2 rats (D:1)
  A fungus (Lair:3)
  A plant (Lair:1)
267 creatures vanquished.

Vanquished Creatures (others)
  2 fungi
  3 plants (D:8)
5 creatures vanquished.

Grand Total: 272 creatures vanquished

Notes
Turn   | Place    | Note
-------+----------+-------------------------------------------
     0 | D:1      | poirepourri the Deep Dwarf Fighter began the quest for the Orb.
     0 | D:1      | Reached XP level 1. HP: 20/20 MP: 1/1
    26 | D:1      | Reached skill level 3 in Axes
    46 | D:1      | Reached XP level 2. HP: 27/27 MP: 2/2
   419 | D:1      | Reached XP level 3. HP: 26/33 MP: 3/3
   429 | D:2      | Reached skill level 4 in Axes
   867 | D:3      | Reached XP level 4. HP: 25/40 MP: 4/4
  1025 | D:3      | Reached skill level 5 in Axes
  1426 | D:3      | Reached XP level 5. HP: 40/46 MP: 4/4
  1786 | D:4      | Reached skill level 6 in Axes
  1831 | D:4      | Found Caoskimo's Jewellery Shoppe.
  1976 | D:4      | Reached skill level 7 in Axes
  1976 | D:4      | Reached XP level 6. HP: 49/55 MP: 5/5
  2248 | D:4      | Found a glowing drain.
  2276 | D:4      | Reached skill level 8 in Axes
  2505 | D:5      | Entered Level 5 of the Dungeon
  2563 | D:5      | Reached XP level 7. HP: 37/61 MP: 6/6
  2684 | D:5      | Found a staircase to the Ecumenical Temple.
  2710 | Temple   | Entered the Ecumenical Temple
  2817 | Temple   | Became a worshipper of Makhleb the Destroyer
  3092 | D:5      | Reached skill level 9 in Axes
  3590 | D:6      | Reached skill level 10 in Axes
  3776 | D:6      | Reached XP level 8. HP: 48/68 MP: 6/6
  3810 | D:6      | Reached * piety under Makhleb
  3901 | D:6      | Reached skill level 11 in Axes
  4457 | D:7      | Found a runed door.
  4532 | D:7      | Reached skill level 12 in Axes
  4723 | D:7      | Found Zaw Niat's Assorted Antiques.
  4976 | D:7      | Noticed Crazy Yiuf
  4981 | D:7      | Killed Crazy Yiuf
  5046 | D:8      | Gained mutation: You passively map the area around you. [Deep Dwarf growth]
  5046 | D:8      | Reached XP level 9. HP: 26/74 MP: 7/7
  5121 | D:8      | Found a staircase to the Lair.
  5222 | D:8      | Reached skill level 13 in Axes
  5298 | D:8      | Reached skill level 14 in Axes
  5304 | D:8      | Reached ** piety under Makhleb
  5623 | D:8      | Reached skill level 15 in Axes
  5623 | D:8      | Reached XP level 10. HP: 76/81 MP: 8/8
  5825 | Lair:1   | Entered Level 1 of the Lair of Beasts
  5826 | Lair:1   | Noticed a spiny frog
  5852 | D:8      | Killed a spiny frog
  5930 | D:9      | Reached skill level 5 in Fighting
  6336 | D:9      | Noticed Erica
  6347 | D:9      | Killed Erica
  6421 | D:9      | Reached *** piety under Makhleb
  6500 | D:9      | Found a shimmering altar of Xom.
  6596 | D:10     | Entered Level 10 of the Dungeon
  6636 | D:10     | Noticed a two-headed ogre
  6641 | D:10     | Reached XP level 11. HP: 76/104 MP: 8/8
  6645 | D:10     | Killed a two-headed ogre
  6896 | D:10     | Found a staircase to the Orcish Mines.
  6915 | D:10     | Found a shadowy altar of Dithmenos.
  7139 | D:10     | Found Xeseic's Weapon Boutique.
  7305 | D:10     | Noticed a two-headed ogre
  7316 | D:10     | Killed a two-headed ogre
  7459 | Lair:1   | Reached skill level 10 in Fighting
  7603 | Lair:1   | Reached **** piety under Makhleb
  7657 | Lair:1   | Noticed Gastronok
  7675 | Lair:1   | Killed Gastronok
  7731 | Lair:1   | Noticed a six-headed hydra
  7932 | Lair:1   | HP: 4/114 [komodo dragon (21)]
  7978 | Lair:1   | Noticed a five-headed hydra
  7987 | Lair:1   | Killed a five-headed hydra
  8051 | Lair:1   | Killed an eight-headed hydra
  8051 | Lair:1   | Reached XP level 12. HP: 38/123 MP: 7/7
  8425 | Lair:2   | Noticed Urug
  8438 | Lair:2   | Killed Urug
  8585 | Lair:2   | You fall through a shaft!
  8670 | Lair:3   | Reached skill level 5 in Shields
  8875 | Lair:3   | Noticed an eight-headed hydra
  8884 | Lair:3   | HP: 6/123 [centaur/arrow (2)]
  8886 | Lair:3   | Slain by a ten-headed hydra

Skill      XL: |  1  2  3  4  5  6  7  8  9 10 11 12 |
---------------+-------------------------------------+-----
Axes           | 3 4 5 7 8 10 12 15 | 15.0
Fighting       | 8 12 | 12.5
Shields        | 7 |  7.9
Armour         | |  3.2

Action                   |  1- 3 |  4- 6 |  7- 9 | 10-12 || total
-------------------------+-------+-------+-------+-------++-------
Melee: War axe           |    86 |   187 |   257 |   392 ||   922
       Flail             |       |       |       |     7 ||     7
       Eveningstar       |       |       |       |     3 ||     3
 Abil: Heal Wounds       |       |     4 |     6 |    18 ||    28
Evoke: Wand              |       |       |     2 |    12 ||    14
  Use: Scroll            |     4 |     4 |    14 |     6 ||    28
       Potion            |       |     2 |     6 |     7 ||    15
  Eat: Ration            |       |     2 |     2 |     3 ||     7
       Chunk             |       |     1 |     2 |       ||     3
Armor: Scale mail        |    38 |    82 |   119 |   176 ||   415
Dodge: Dodged            |    33 |    53 |    69 |   143 ||   298
Block: Shield            |    42 |    86 |   138 |   219 ||   485
